 Dungeon Crawl Stone Soup version 0.25-a0-566-g062765be81 (webtiles) character file.

Game seed: 7820877683234607338, levelgen mode: deterministic

74824 Flugslaktarn the Severer (level 15, -8/154 HPs)
             Began as a Deep Dwarf Fighter on Feb 27, 2020.
             Was the Champion of Makhleb.
             Mangled by a spark wasp (17 damage)
             ... on level 4 of the Spider Nest.
             The game lasted 00:12:06 (13143 turns).

Flugslaktarn the Severer (Deep Dwarf Fighter)      Turns: 13143, Time: 00:12:06

Health: -8/154     AC: 17    Str: 26 (28) XL:     15   Next: 7%
Magic:  0/5        EV: 10    Int:  7 (10) God:    Makhleb [******]
Gold:   1228       SH: 18    Dex: 10 (12) Spells: 14/14 levels left

rFire    + + .     SeeInvis +   a - +2 war axe (vamp)
rCold    . . .     Gourm    .   c - +0 kite shield
rNeg     + . .     Faith    .   p - +0 scale mail
rPois    .         Spirit   .   F - +0 helmet
rElec    .         Reflect  .   k - +0 cloak
rCorr    .         Harm     .   m - +2 pair of gloves {Str+3}
MR       ++...                  z - +0 pair of boots {Stlth+}
Stlth    +.........             (no amulet)
HPRegen  0.00/turn              f - ring of protection from fire
MPRegen  0.09/turn              i - ring of see invisible

@: lethally poisoned (-8 -> -8), non-regenerating, studying Shields
A: damage resistance, heal wounds, large bone plates 1, fire resistance 1,
negative energy resistance 1, sense surroundings 2, robust 1, no regeneration
a: Heal Wounds, Minor Destruction, Lesser Servant of Makhleb, Major Destruction,
Greater Servant of Makhleb, Renounce Religion


You were on level 4 of the Spider Nest.
You worshipped Makhleb.
Makhleb was exalted by your worship.
You were not hungry.

You visited 4 branches of the dungeon, and saw 23 of its levels.

You collected 1228 gold pieces.

Inventory:

Hand Weapons
 a - a +2 vampiric war axe (weapon)
   (You found it on level 10 of the Dungeon)
 b - a +1 hand axe of flaming
   (You took it off an orc on level 5 of the Dungeon)
 J - a +0 war axe
Missiles
 S - a throwing net (quivered)
Armour
 c - a +0 kite shield (worn)
 k - a +0 cloak (worn)
   (You found it on level 4 of the Dungeon)
 m - a +2 pair of gloves of strength (worn)
   (You acquired it on level 10 of the Dungeon)
 p - a +0 scale mail (worn)
 z - a +0 pair of boots of stealth (worn)
   (You found it on level 6 of the Lair of Beasts)
 F - a +0 helmet (worn)
   (You found it on level 6 of the Dungeon)
Jewellery
 f - a ring of protection from fire (left hand)
   (You found it on level 2 of the Dungeon)
 i - a ring of see invisible (right hand)
   (You found it on level 5 of the Dungeon)
Wands
 v - a wand of digging (3)
   (You found it on level 9 of the Dungeon)
 M - a wand of iceblast (16)
   (You found it on level 6 of the Lair of Beasts)
 N - a wand of paralysis (4)
   (You found it on level 1 of the Lair of Beasts)
Scrolls
 r - 5 scrolls of identify
 t - 9 scrolls of teleportation
 u - 2 scrolls of fog
 w - 6 scrolls of remove curse
 A - 3 scrolls of fear
 B - 3 scrolls of enchant weapon
 I - 2 scrolls of enchant armour
 P - 2 scrolls of magic mapping
 Q - 2 scrolls of torment
Potions
 d - 3 potions of might
 g - 4 potions of heal wounds
 h - 2 potions of haste
 j - 2 potions of brilliance
 l - 4 potions of flight
 n - 3 potions of resistance
 q - 3 potions of curing
 x - a potion of invisibility
 C - 2 potions of cancellation
 E - 3 potions of magic
 H - 5 potions of stabbing
 K - 2 potions of mutation
 O - 5 potions of lignification
Books
 D - a manual of Shields
   (You acquired it on level 12 of the Dungeon)
Miscellaneous
 o - a lamp of fire
   (You found it on level 4 of the Spider Nest)
Comestibles
 e - 22 rations


   Skills:
 + Level 10.9 Fighting
 * Level 16.7 Axes
 + Level 12.6 Armour
 - Level 15.0 Shields
 + Level 12.7 Invocations


You had 14 spell levels left.
You didn't know any spells.
Your spell library was empty.

Dungeon Overview and Level Annotations

Branches:
Dungeon (12/15)            Temple (1/1) D:7            Lair (6/6) D:10
 Shoals (0/4) Lair:4       Spider (4/4) Lair:3        Slime (0/5) Lair:5
    Orc (0/2) D:12

Altars:
Ashenzari
Cheibriados
Dithmenos
Elyvilon
Fedhas
Gozag
Hepliaklqana
Kikubaaqudgha
Makhleb
Nemelex Xobeh
Okawaru
Qazlal
Ru
Sif Muna
Trog
Uskayaw
Vehumet
Wu Jian
Xom
Yredelemnul
Zin
Beogh

Shops:
D:9 }   D:10 (   D:12 %

Annotations:
D:9 1 runed translucent door, LairdRich's ghost, journeyman MiBe
D:12 exclusion: 2 oklob plants
Lair:2 1 runed translucent door, derval's ghost, journeyman MfIE


Innate Abilities, Weirdness & Mutations

You are resistant to damage.
You can heal yourself by infusing magical energy.
You resist negative energy. (rN+)
You passively map the area around you.
You do not regenerate.
You are partially covered in large bone plates. (SH +4)
Your flesh is heat resistant. (rF+)
You are robust. (+10% HP)


Message History

The spark wasp is severely wounded.
You completely miss the ghost moth. You block the spark wasp's attack.
The ghost moth stares at you.
The ghost moth hits you but does no damage.
The ghost moth hits you.
* * * LOW HITPOINT WARNING * * *
The ghost moth barely misses you.
You feel much better. You block the spark wasp's attack.
The ghost moth stares at you.
The ghost moth hits you but does no damage.
You block the ghost moth's attack.
The ghost moth stings you but does no damage.
The spark wasp stings you!!
* * * LOW HITPOINT WARNING * * *
The spark wasp shocks you!
* * * LOW HITPOINT WARNING * * *
You hit the ghost moth but do no damage.
The ghost moth is moderately wounded.
You barely miss the spark wasp. The spark wasp stings you!!
You die...

# ##...≈##.ys##.y.y.##
# ##.....# , #'y†s.^.^#
###.^.%.# ,,#'yy##...#
'^......###.%.#####.≈.#
'...≈...≈##... *#≈y^###
'...##...##.^y *#≈..#
###^##...##+##* ##.^# #
##.≈.≈## ###y.^# #
##....# ##≈@y.##
###...≈####* #≈...≈#
#..≈###..# ##.†.≈##
##.†###...###≈...##
#††≈## #.≈#.....≈≈#
##...# #≈≈....#≈≈#
#...## #≈≈.^###≈≈#
##≈†.###...≈#*≈≈##
#...##†.^.## .≈#


You could see a ghost moth (invisible) and a spark wasp.

Vanquished Creatures
  3 ghost moths (Spider:4)
  2 emperor scorpions (Spider:4)
  3 spark wasps (Spider:4)
  A hydra (Lair:5)
  Fannar (D:11)
  A two-headed ogre (D:11)
  3 death yaks (Lair:6)
  Urug (Lair:2)
  2 unseen horrors
  10 orb spiders
  20 wolf spiders
  2 manticores
  2 black mambas
  A merfolk siren (Lair:4)
  8 elephants (Lair:3)
  3 centaur zombies (D:12)
  4 gargoyles
  A centaur skeleton (D:9)
  Maggie (D:9)
  A rime drake (Lair:2)
  4 spiny frogs
  4 komodo dragons
  4 demonic crawlers
  4 polar bears
  9 blink frogs
  20 jumping spiders
  2 trolls
  12 hornets
  10 dream sheep
  2 slime creatures (Lair:5)
  3 hippogriffs
  28 redbacks
  12 spriggans
  2 wraiths
  22 tarantellas
  2 basilisks
  A wyvern (D:7)
  21 yaks
  A hungry ghost (D:11)
  A steam dragon (D:9)
  2 insubstantial wisps (D:9)
  An acid dragon (D:11)
  4 water moccasins
  6 porcupines
  5 orc warriors
  2 ice beasts
  3 phantoms
  3 sky beasts
  A necrophage (D:12)
  4 ogres
  4 black bears
  4 boggarts (Lair:6)
  5 centaurs
  30 wolves
  11 crocodiles
  12 bullfrogs
  2 scorpions
  2 wights (D:8)
  5 jellies
  11 killer bees
  6 howler monkeys
  5 crimson imps
  2 bullfrog zombies
  3 orc priests
  5 hounds
  2 bullfrog skeletons
  5 orc wizards
  4 human zombies (D:8)
  2 human skeletons (D:8)
  An iguana (D:10)
  3 worker ants
  An ogre zombie (D:8)
  2 hound skeletons (D:4)
  A mummy (D:8)
  A worker ant zombie (D:7)
  9 adders
  A gnoll (D:1)
  A shadow imp (D:10)
  A worm (D:4)
  A dart slug (D:4)
  A leopard gecko (D:11)
  34 orcs
  4 bats
  A giant cockroach (D:4)
  4 goblins
  4 hobgoblins
  17 jackals
  3 kobolds
  3 quokkas
  3 frilled lizards
  A jackal zombie (D:5)
  A leopard gecko zombie (D:5)
  An orc zombie (D:8)
  2 quokka skeletons
  2 rats
  A bush (Lair:5)
  3 plants
492 creatures vanquished.

Vanquished Creatures (collateral kills)
  2 hydras (Lair:1)
  Sonja (Lair:1)
  A black mamba (Lair:1)
4 creatures vanquished.

Vanquished Creatures (others)
  A ghost moth (Spider:4)
  A tarantella (Spider:2)
  A water moccasin (D:11)
  A sky beast (D:9)
  2 fungi
  2 plants (Lair:5)
  A withered plant (Lair:2)
9 creatures vanquished.

Grand Total: 505 creatures vanquished

Notes
Turn   | Place    | Note
-------+----------+-------------------------------------------
     0 | D:1      | Flugslaktarn the Deep Dwarf Fighter began the quest for the
                  | Orb.
     0 | D:1      | Reached XP level 1. HP: 20/20 MP: 1/1
   108 | D:1      | Reached XP level 2. HP: 27/27 MP: 2/2
   385 | D:2      | Reached skill level 3 in Axes
   385 | D:2      | Reached XP level 3. HP: 31/34 MP: 3/3
   487 | D:3      | You fall into a shaft and drop 2 floors!
   487 | D:5      | Entered Level 5 of the Dungeon
   596 | D:4      | Reached XP level 4. HP: 20/42 MP: 4/4
   661 | D:4      | Found a sparkling altar of Nemelex Xobeh.
   716 | D:4      | Noticed a phantom
   765 | D:4      | Reached skill level 4 in Axes
   765 | D:4      | Reached XP level 5. HP: 29/49 MP: 5/5
   773 | D:4      | Killed a phantom
   786 | D:4      | You fall into a shaft and drop 2 floors!
   833 | D:6      | Noticed an ogre
   848 | D:6      | Killed an ogre
   848 | D:6      | Reached XP level 6. HP: 39/57 MP: 6/6
   909 | D:5      | Reached skill level 5 in Axes
  1253 | D:5      | Reached XP level 7. HP: 64/64 MP: 7/7
  1325 | D:4      | Reached skill level 5 in Armour
  1665 | D:4      | Reached skill level 5 in Shields
  1814 | D:4      | Reached skill level 6 in Axes
  1820 | D:4      | Found a shadowy altar of Dithmenos.
  1820 | D:4      | Found a glowing silver altar of Zin.
  1829 | D:4      | Found a faded altar of an unknown god.
  1831 | D:4      | Found a snail-covered altar of Cheibriados.
  1836 | D:4      | Found a faded altar of an unknown god.
  2474 | D:6      | Reached XP level 8. HP: 44/73 MP: 7/7
  2923 | D:7      | Reached skill level 7 in Axes
  2944 | D:7      | You fall into a shaft and drop 2 floors!
  2985 | D:8      | Reached skill level 5 in Fighting
  3088 | D:7      | Reached skill level 8 in Axes
  3212 | D:7      | Gained mutation: You passively map the area around you.
                  | [Deep Dwarf growth]
  3212 | D:7      | Reached XP level 9. HP: 45/81 MP: 3/3
  3417 | D:7      | Found a staircase to the Ecumenical Temple.
  3429 | Temple   | Entered the Ecumenical Temple
  3514 | Temple   | Became a worshipper of Makhleb the Destroyer
  3910 | D:8      | Found a sacrificial altar of Ru.
  3978 | D:8      | Reached skill level 1 in Invocations
  4275 | D:8      | Reached skill level 9 in Axes
  4278 | D:8      | Found a basalt altar of Yredelemnul.
  4515 | D:9      | Reached * piety under Makhleb
  4526 | D:9      | Noticed Maggie
  4558 | D:9      | Killed Maggie
  4565 | D:9      | Reached skill level 10 in Axes
  4565 | D:9      | Reached XP level 10. HP: 79/92 MP: 3/5
  4749 | D:9      | Found a runed translucent door.
  4749 | D:9      | Found a shimmering altar of Xom.
  4749 | D:9      | Noticed a +1 hand axe of chaos
  4749 | D:9      | Noticed LairdRich's ghost (journeyman MiBe)
  4829 | D:9      | Found Peexy's Gadget Boutique.
  5072 | D:10     | Entered Level 10 of the Dungeon
  5083 | D:10     | Found a staircase to the Lair.
  5190 | D:10     | Found Beuteure's Weapon Shoppe.
  5211 | D:10     | Noticed a gargoyle
  5231 | D:10     | Killed a gargoyle
  5357 | D:10     | Found a roughly hewn altar of Beogh.
  5375 | D:10     | Reached skill level 5 in Invocations
  5382 | D:10     | Reached ** piety under Makhleb
  5451 | D:10     | Identified a scroll of acquirement
  5498 | Lair:1   | Entered Level 1 of the Lair of Beasts
  5498 | Lair:1   | Noticed Sonja
  5524 | D:11     | Noticed an unseen horror
  5545 | D:11     | Killed an unseen horror
  5587 | D:11     | Noticed Fannar
  5623 | D:11     | Reached skill level 11 in Axes
  5630 | D:11     | Killed Fannar
  5685 | D:11     | Reached XP level 11. HP: 100/100 MP: 5/5
  5980 | D:11     | Found a burning altar of Makhleb.
  6006 | D:11     | Reached *** piety under Makhleb
  6023 | D:11     | Noticed a two-headed ogre
  6036 | D:11     | Killed a two-headed ogre
  6106 | D:12     | Noticed an unseen horror
  6128 | D:12     | Killed an unseen horror
  6251 | D:12     | Found Rozoh's Food Shoppe.
  6301 | D:12     | Reached skill level 12 in Axes
  6411 | D:12     | Found a staircase to the Orcish Mines.
  6412 | D:12     | Identified the amulet "Mylemu" {Spirit Str+3} (You acquired
                  | it on level 12 of the Dungeon)
  6660 | D:12     | Found a blossoming altar of Fedhas.
  6662 | D:12     | Noticed an oklob plant
  6662 | D:12     | Noticed an oklob plant
  6930 | Lair:1   | Killed Sonja
  7002 | Lair:1   | Noticed an eight-headed hydra
  7012 | Lair:1   | Killed a one-headed hydra
  7135 | Lair:1   | Noticed a six-headed hydra
  7136 | Lair:1   | Reached skill level 10 in Shields
  7163 | Lair:1   | Killed a 17-headed hydra
  7191 | Lair:1   | Reached XP level 12. HP: 98/111 MP: 7/7
  7593 | Lair:2   | Noticed Urug
  7629 | Lair:2   | Killed Urug
  7669 | Lair:2   | Reached skill level 13 in Axes
  7915 | Lair:2   | Reached skill level 10 in Armour
  8301 | Lair:2   | Found a runed translucent door.
  8301 | Lair:2   | Noticed derval's ghost (journeyman MfIE)
  8784 | Lair:3   | Reached **** piety under Makhleb
  8932 | Lair:3   | Found a hole to the Spider Nest.
  9298 | Lair:4   | Found a staircase to the Shoals.
  9469 | Lair:4   | You fall into a shaft and drop 1 floor!
  9489 | Lair:5   | Reached skill level 14 in Axes
 10035 | Lair:5   | Reached XP level 13. HP: 121/121 MP: 9/9
 10039 | Lair:5   | Reached skill level 10 in Invocations
 10208 | Lair:5   | Found a staircase to the Slime Pits.
 10546 | Lair:6   | Entered Level 6 of the Lair of Beasts
 10773 | Lair:6   | Paralysed by a hornet for 2 turns
 10913 | Lair:6   | Reached ***** piety under Makhleb
 11037 | Lair:6   | Reached skill level 15 in Axes
 11104 | Lair:6   | HP: 1/123 [16-headed hydra[a boggart] (8)]
 11795 | Lair:6   | Gained mutation: You are frail. (-10% HP) [potion of
                  | mutation]
 11795 | Lair:6   | Gained mutation: You are weak. (Str -2) [potion of
                  | mutation]
 11795 | Lair:6   | Gained mutation: Your flesh is heat resistant. (rF+)
                  | [potion of mutation]
 11795 | Lair:6   | Gained mutation: You expend magic power (3 MP) to
                  | strengthen your wands. [potion of mutation]
 11796 | Lair:6   | Lost mutation: You are frail. (-10% HP) [potion of
                  | mutation]
 11796 | Lair:6   | Lost mutation: You are weak. (Str -2) [potion of mutation]
 11796 | Lair:6   | Lost mutation: You expend magic power (3 MP) to strengthen
                  | your wands. [potion of mutation]
 11796 | Lair:6   | Gained mutation: You are partially covered in large bone
                  | plates. (SH +4) [potion of mutation]
 11796 | Lair:6   | Gained mutation: You are robust. (+10% HP) [potion of
                  | mutation]
 11867 | Spider:1 | Entered Level 1 of the Spider Nest
 12008 | Spider:2 | Reached skill level 10 in Fighting
 12075 | Spider:2 | Gained mutation: You resist negative energy. (rN+) [Deep
                  | Dwarf growth]
 12075 | Spider:2 | Reached XP level 14. HP: 69/145 MP: 8/8
 12236 | Spider:4 | Entered Level 4 of the Spider Nest
 12315 | Spider:4 | Reached ****** piety under Makhleb
 12596 | Spider:4 | Noticed a ghost moth
 12603 | Spider:4 | Reached skill level 16 in Axes
 12603 | Spider:4 | Killed a ghost moth
 12607 | Spider:4 | Noticed a ghost moth
 12634 | Spider:4 | Killed a ghost moth
 12692 | Spider:4 | Noticed a ghost moth
 12718 | Spider:4 | Killed a ghost moth
 12865 | Spider:4 | Noticed an emperor scorpion
 12865 | Spider:4 | Noticed an emperor scorpion
 12866 | Spider:4 | Noticed a ghost moth
 12866 | Spider:4 | Noticed a ghost moth
 12877 | Spider:4 | Killed a ghost moth
 12995 | Spider:4 | Paralysed by a hornet for 3 turns
 13020 | Spider:4 | HP: 1/146 [emperor scorpion (17)]
 13046 | Spider:4 | Reached XP level 15. HP: 114/154 MP: 6/6
 13106 | Spider:4 | Reached skill level 15 in Shields
 13120 | Spider:4 | Paralysed by a hornet for 1 turns
 13143 | Spider:4 | Mangled by a spark wasp

Levels and vault maps discovered:
D:1:      dpeg_arrival_concentric_ovals, layout_loops_ring, minmay_quantized
D:2:      layout_rooms, chequers_ecumenical_altar_simple, minmay_tromino_i2
D:3:      layout_basic, lemuel_doored_altar, first_ration,
          hangedman_decor_growths, minmay_hedge_maze, wad_rectangle_vault,
          uniq_jessica
D:4:      layout_loops_ring, nicolae_overflow_hidden_temple,
          chequers_temple_overflow_minitemple
D:5:      layout_basic
D:6:      layout_loops_ring
D:7:      layout_loops_ring, minmay_temple_entry_waves
D:8:      layout_rooms, nicolae_overflow_crystal_walls, the_bakery,
          lemuel_mausoleum_altar_yredelemnul
D:9:      layout_roguey, serial_shops, shop, ebering_ghost_xom,
          chequers_serial_rivers_micro_c, hangedman_misty_isle, uniq_maggie
D:10:     layout_roguey [special_room_orc], dpeg_oklobed_lair, serial_shops,
          shop
D:11:     layout_long_grid, lemuel_hellish_altar, uniq_fannar
D:12:     layout_irregular_city, orc_0_dummy, serial_shops,
          nicolae_shop_crystal, library_closet, hangedman_tree_tricks
Temple:   lightli_temple_of_artemis
Lair:1:   layout_roguey, chequers_serial_rivers_micro_b, uniq_sonja
Lair:2:   layout_cave_pods, gammafunk_ghost_grave, uniq_urug
Lair:3:   layout_roguey, dummy_spider_entry, serial_bayou_shore_b
Lair:4:   layout_roguey, minmay_shoals_entry_lonely_mermaid,
          infiniplex_staircase_pool
Lair:5:   layout_cave_shapes, minmay_slime_entry_pillars, minivault_23,
          grunt_forest_small_clearings
Lair:6:   minmay_lair_end_enchanted_forest, layout_small_grid
Spider:1: layout_spider_delve, gammafunk_ghost_arena, uniq_josephine
Spider:2: layout_spider_delve
Spider:3: layout_spider_delve
Spider:4: spider_rune_water

Skill      XL: |  1  2  3  4  5  6  7  8  9 10 11 12 13 14 15 |
---------------+----------------------------------------------+-----
Fighting       | 3 4 5 6 7 8 9 10 | 10.9
Axes           | 3 4 5 6 8 10 11 12 14 15 16 | 16.7
Armour         | 4 5 6 7 8 9 10 11 12 | 12.6
Shields        | 4 5 6 7 8 10 11 13 14 15 | 15.0
Invocations    | 4 6 8 9 11 12 | 12.7

Action                   |  1- 3 |  4- 6 |  7- 9 | 10-12 | 13-15 || total
-------------------------+-------+-------+-------+-------+-------++-------
Melee: War axe           |    83 |   104 |       |   727 |   916 ||  1830
       Hand axe          |       |    16 |   467 |   108 |    34 ||   625
Invok: Lesser Servant of |       |       |       |     5 |     1 ||     6
       Greater Servant o |       |       |       |       |     2 ||     2
 Abil: Heal Wounds       |       |     5 |    23 |     9 |    28 ||    65
  Use: Potion            |       |       |     2 |       |    12 ||    14
       Scroll            |       |       |       |    19 |    12 ||    31
 Stab: Invisible         |       |       |     9 |       |    13 ||    22
  Eat: Chunk             |       |     2 |     7 |    20 |    10 ||    39
       Ration            |       |       |     1 |       |     1 ||     2
Armor: Scale mail        |    44 |    45 |   176 |   324 |   615 ||  1204
Dodge: Dodged            |    36 |    21 |   145 |   225 |   500 ||   927
Block: Kite shield       |    51 |    51 |   235 |   522 |  1053 ||  1912

Table legend:
 A = Non-vault XP
 B = Vault XP
 C = Vault XP percentage of total XP
 D = Non-vault monster count
 E = Vault monster count
 F = Vault count percentage of total count
                 A         B        C        D         E       F
            +---------+---------+-------+---------+---------+-------
      Total |   73109 |   33783 |  31.6 |     366 |     130 |  26.2
            +---------+---------+-------+---------+---------+-------
        D:1 |      36 |       0 |   0.0 |      15 |       0 |   0.0
        D:2 |      16 |       0 |   0.0 |       3 |       0 |   0.0
        D:3 |      40 |       0 |   0.0 |      10 |       0 |   0.0
        D:4 |     525 |       0 |   0.0 |      23 |       0 |   0.0
        D:5 |     356 |       0 |   0.0 |      17 |       0 |   0.0
        D:6 |     582 |       0 |   0.0 |       5 |       0 |   0.0
        D:7 |    1034 |       0 |   0.0 |      15 |       0 |   0.0
        D:8 |     690 |     834 |  54.7 |      13 |      13 |  50.0
        D:9 |    1110 |    1079 |  49.3 |      18 |       7 |  28.0
       D:10 |     780 |     480 |  38.1 |       7 |      20 |  74.1
       D:11 |    5134 |     976 |  16.0 |      33 |       1 |   2.9
       D:12 |    5047 |       0 |   0.0 |      20 |       0 |   0.0
     Lair:1 |    3383 |     675 |  16.6 |      11 |       1 |   8.3
     Lair:2 |    3851 |     843 |  18.0 |      17 |       1 |   5.6
     Lair:3 |    6304 |       0 |   0.0 |      22 |       0 |   0.0
     Lair:4 |    2573 |     458 |  15.1 |      13 |       1 |   7.1
     Lair:5 |    6951 |     577 |   7.7 |      31 |       4 |  11.4
     Lair:6 |    4906 |    7771 |  61.3 |      14 |      42 |  75.0
   Spider:1 |    1794 |       0 |   0.0 |       6 |       0 |   0.0
   Spider:2 |    6413 |       0 |   0.0 |      19 |       0 |   0.0
   Spider:3 |    5930 |       0 |   0.0 |      17 |       0 |   0.0
   Spider:4 |   15654 |   20090 |  56.2 |      37 |      40 |  51.9
            +---------+---------+-------+---------+---------+-------
